[Event "Ceske Budejovice GM 2022"]
[Site "Ceske Budejovice"]
[Date "2022.07.01"]
[Round "1.1"]
[White "Omelja, Artem"]
[Black "Sahidi, Samir"]
[Result "0-1"]
[ECO "A05"]
[WhiteElo "2478"]
[BlackElo "2462"]
[Annotator "TA"]
[PlyCount "134"]
[EventDate "2022.07.01"]
[EventType "tourn"]
[EventCountry "CZE"]
[SourceTitle "playchess.com"]
[Source "ChessBase"]
[SourceQuality "1"]
[TimeControl "40/5400+30:1800+30"]

1. Nf3 Nf6 2. c4 b6 3. d4 Bb7 4. g3 g6 5. Bg2 Bg7 6. O-O O-O 7. d5 {[%emt 0:06:01] 7.Re1 is the modern continuation.} c6 {[%emt 0:03:48][%cal Rc6d5] A50: Queen's Fianchetto Defence (1 d4 Nf6 2 c4 b6).} 8. Nc3 cxd5 9. cxd5 e6 {[%emt 0:00:21][%cal Rf6d5] White is slightly better.} 10. Nd4 (10. e4 $14) 10... Nxd5 $11 11. Nxd5 {[%emt 0:00:10] [#]} exd5 $146 ({Predecessor:} 11... Bxd5 12. Bxd5 exd5 13. Be3 Nc6 14. Qd2 Re8 15. Rfe1 Qf6 16. Rad1 Re4 17. Nb5 d4 {0-1 (29) Krysa,L (2531)-Akobian,V (2614) Chess.com INT 2020}) 12. b3 Qe7 13. Bb2 Na6 14. Rb1 Rfe8 15. e3 Nc5 16. Nb5 Bxb2 17. Rxb2 Qe5 18. Qd4 Ba6 19. Qxe5 (19. Bxd5 $5 Qxd4 20. Nxd4 $14) 19... Rxe5 20. a4 Bxb5 21. axb5 Ne4 22. Rc1 {[%emt 0:03:44] Inhibits Nc3.} a5 23. bxa6 Rxa6 24. Bf3 Kg7 25. Rd1 Ra7 26. Rd4 Rc7 27. Kg2 (27. Bxe4 $5 dxe4 28. Rbd2 $11) 27... Kf6 28. Rb4 (28. Bxe4 $11 dxe4 29. Rbd2) 28... Rc6 $15 29. Ra2 h5 30. Ra6 Ree6 31. Ra7 Ke7 32. Rd4 Rcd6 (32... Kd6 {looks sharper.} 33. Rb7 Re5 34. b4 Nc3) 33. b4 Re5 34. Rd3 {[%emt 0:03:41] Prevents Nc3.} (34. Ra3 $11) 34... Ng5 35. Be2 Ne6 36. Ra2 d4 37. exd4 Rxd4 (37... Nxd4 {feels hotter.} 38. Bf1 Re1 39. Rb2 Nc6) 38. Rxd4 Nxd4 $17 {[%emt 0:00:06][%mdl 4096] Endgame KRB-KRN} 39. Bd3 Nc6 40. Rb2 Rd5 41. Bf1 b5 42. Kf3 Kd6 43. Ke3 ({Better is} 43. Ke4 $15) 43... Ne5 {[%emt 0:00:00] Strongly threatening ...Nc4+. Black is more active.} 44. Ke4 $2 (44. Ke2 $17 {might work better.}) 44... Ke6 (44... Nc4 $142 45. Bxc4 bxc4) 45. Be2 f5+ 46. Kf4 Kf6 47. Ke3 Ng4+ $1 48. Bxg4 (48. Kf3 $142) 48... fxg4 $19 {[%emt 0:00:00] KR-KR} 49. Ra2 Re5+ 50. Kd4 Ke6 51. Ra6+ d6 $1 {[%emt 0:00:00] Hoping for ...Re2.} 52. Ra2 {[%emt 0:00:00] Against Re2} (52. Rb6 {is a better defense.}) 52... Rf5 53. Re2+ Kd7 54. Rb2 Rf3 55. Ra2 g5 (55... Rb3 $142 56. Kd5 Rxb4 57. Ra7+ Kc8 58. Kxd6 Rb2) 56. Kd5 {[%emt 0:00:00] [#]} Rf5+ $1 57. Kd4 $2 {[%emt 0:00:00] [#]} (57. Ke4 Ke6 58. Kd4) 57... h4 $1 58. Rb2 h3 59. Re2 Rf3 60. Ra2 Ke6 61. Re2+ Kf5 62. Rb2 $2 (62. Re8 Rb3 63. Kd5 Rxb4 64. Kxd6) 62... Ra3 {[%emt 0:00:00] Black is clearly winning.} 63. Kd5 (63. Rb1 $142 Ra4 64. Kd5) 63... Ra1 {[%emt 0:00:00] Threatens to win with ...Rh1.} 64. Kc6 Rh1 65. Kxb5 Rxh2 {[%emt 0:00:00] And now ...Rh1 would win.} 66. Kc6 Rh1 67. Kd7 Ra1 {[%emt 0:00:00] Weighted Error Value: White=0.24 (precise) /Black=0.12 (very precise)} 0-1

[Event "Ceske Budejovice GM 2022"]
[Site "Ceske Budejovice"]
[Date "2022.07.01"]
[Round "1.2"]
[White "Kraus, Tomas"]
[Black "Stefansson, Hannes"]
[Result "1-0"]
[ECO "E00"]
[WhiteElo "2488"]
[BlackElo "2541"]
[Annotator "TA"]
[PlyCount "117"]
[EventDate "2022.07.01"]
[EventType "tourn"]
[EventCountry "CZE"]
[SourceTitle "playchess.com"]
[Source "ChessBase"]
[SourceQuality "1"]
[TimeControl "40/5400+30:1800+30"]

1. d4 Nf6 2. c4 e6 3. Bf4 d5 4. cxd5 Nxd5 5. Bg3 c5 6. e4 {[%emt 0:00:11][%cal Be2e4,Be4e5][%mdl 32] A50: Queen's Fianchetto Defence (1 d4 Nf6 2 c4 b6).} Nf6 7. Nd2 cxd4 (7... Qxd4 $15 {might be stronger.} 8. Ngf3 Qd8) 8. e5 $11 {[%emt 0:01:54] The position is equal.} Nd5 9. Ngf3 {[%emt 0:00:29] [#]} Nd7 $146 ({Predecessor:} 9... Nc6 10. a3 Be7 11. Rc1 O-O 12. Bd3 f5 13. exf6 gxf6 14. Rxc6 bxc6 15. Nxd4 Qe8 {0-1 (35) Materia,M (2398)-Milikow,Y (2383) Heraklion 2022}) 10. Nxd4 Nc5 (10... Qb6 $142 11. Nb5 a6 12. Nd6+ Bxd6 13. exd6 Qxb2) 11. Be2 Be7 12. O-O O-O 13. Bf3 Bd7 14. Nc4 Rc8 15. Qe2 b5 16. Bxd5 bxc4 17. Bxc4 Ne4 18. Bf4 Nc5 19. Rfd1 Bg5 20. Bxg5 Qxg5 21. b3 Rfd8 22. Rac1 Be8 23. Nf3 Qe7 24. Rxd8 Rxd8 (24... Qxd8 $16 {was worth a try.} 25. Qe3 Nd7) 25. Qe3 $18 a5 26. h3 h6 27. Be2 Rd5 28. Bc4 Rd8 29. Be2 Rd5 30. Nd2 Qd8 31. Nc4 {[%emt 0:02:29] [#] Threatens to win with Nd6.} (31. Rxc5 $6 Rxc5 32. Qxc5 Qxd2 $16) 31... Nd3 32. Bxd3 (32. Rc3 $18 {and the rest is easy.} Nb4 33. Nb6) 32... Rxd3 $16 33. Qe4 {[%emt 0:01:58] aiming for Nd6.} Rd4 34. Qf3 Rd5 35. Qe3 (35. Rc3 $16) 35... Rd3 $1 $18 36. Qe1 Bc6 {[%emt 0:02:57] [#]} 37. Nd6 $1 (37. Nxa5 Bd5 $11) 37... Bd7 38. Rd1 (38. Rc5 $18) 38... Rd5 $16 39. Rxd5 exd5 {[%emt 0:00:07][%mdl 4096] Endgame KQB-KQN} 40. Qd2 (40. Qe3 {feels hotter.} Qc7 41. a4 Qc2 42. Qf3) 40... Qc7 41. a3 {[%emt 0:04:44][%cal Ba2a3,Ba3b4][%mdl 32] White is more active.} ({Reject} 41. Qxd5 $6 Qc1+ 42. Kh2 Qf4+ 43. g3 (43. Kg1 Qc1+ 44. Kh2 Qf4+ 45. g3 Qxf2+ 46. Qg2 Qc5 $11) 43... Qxf2+ 44. Qg2 Qc5 $11) 41... Be6 (41... d4 $16) 42. b4 $36 {[%emt 0:01:55][%mdl 2048] Strongly threatening Qd4. Black is under strong pressure.} axb4 43. axb4 Qa7 {[%emt 0:01:58] Against Qd4. Hoping for ...Qa1+.} 44. Kh2 g5 $2 (44... Qa1 {keeps fighting.}) 45. f4 gxf4 (45... f6 $142 46. f5 (46. exf6 Qd7 $11) 46... Qe7 47. fxe6 Qxe6) 46. Qxf4 Qa1 47. Nb5 (47. b5 $142) 47... Qb1 48. Nd4 Bd7 49. Ne2 Qc2 (49... Qg6 {was necessary.} 50. Nd4 Qa6 51. Qg3+ (51. e6 fxe6 52. Nf3 Be8 $18) 51... Kh8) 50. Ng3 {[%emt 0:01:01] And now Qf6 would win.} Qg6 51. Qd4 Qc6 52. Nh5 {[%emt 0:01:14][%cal Oe5e6] e6! is the strong threat.} Be6 (52... Kf8 $142 53. Nf6 Bc8) 53. Nf6+ Kf8 54. Qf4 Ke7 55. Qxh6 Kd8 56. Qf8+ Kc7 57. Ne8+ Kb6 58. Nd6 {[%emt 0:00:33] Inhibits Qc4. Qb8+ would kill now.} Qa4 59. Qb8+ {[%emt 0:00:24] Weighted Error Value: White=0.35/Black=0.38} 1-0

[Event "Ceske Budejovice GM 2022"]
[Site "Ceske Budejovice"]
[Date "2022.07.01"]
[Round "1.3"]
[White "Gazik, Viktor"]
[Black "Malinovsky, Karel"]
[Result "1/2-1/2"]
[ECO "C55"]
[WhiteElo "2544"]
[BlackElo "2463"]
[Annotator "TA"]
[PlyCount "79"]
[EventDate "2022.07.01"]
[EventType "tourn"]
[EventCountry "CZE"]
[SourceTitle "playchess.com"]
[Source "ChessBase"]
[SourceQuality "1"]
[TimeControl "40/5400+30:1800+30"]

1. e4 e5 2. Nf3 Nc6 3. Bc4 Nf6 4. d3 Be7 5. O-O O-O 6. Re1 d6 7. a4 Na5 8. Ba2 {[%emt 0:00:06] C55: Two Knights: 4 d3, 4 d4 exd4 5 e5 and Max Lange Attack.} c5 9. c3 Nc6 10. Na3 {[%emt 0:05:25] White has an edge.} a6 11. Bd2 h6 12. h3 Rb8 13. b4 cxb4 14. cxb4 b5 {[%emt 0:00:06] [#]} 15. Qc2 $146 ({Predecessor:} 15. Rc1 Bd7 16. axb5 axb5 17. Nc2 Be6 18. Bxe6 fxe6 19. Ne3 Qd7 20. Qb3 Rfc8 21. Ng4 Nxg4 22. hxg4 {1-0 (30) Eljanov,P (2672)-Postny,E (2587) Chess.com INT 2021}) 15... Bd7 16. axb5 axb5 17. Qb2 (17. Rac1 {feels hotter.} Qb6 18. Qb2 Bd8 19. Nc2) 17... Be6 18. Bxe6 fxe6 19. Nc2 Qd7 20. Qb3 Bd8 21. Ra6 Bb6 22. Be3 Bxe3 23. Nxe3 (23. Rxe3 $11 Ra8 24. Rxa8 Rxa8 25. Re1) 23... Rbc8 (23... Nh5 $1 $17 24. Rc1 Rbc8 25. Rcxc6 Rxc6 26. Rxc6 Qxc6 27. Qxe6+ Kh7) 24. Rea1 Nh7 {[%emt 0:05:10][%cal Of8f3] Hoping for ...Rxf3!} 25. Qb2 $2 {[%emt 0:10:35] [#]} (25. Qd1 $11) 25... Nf6 $2 (25... Rxf3 $1 $17 26. gxf3 Ng5) 26. Rb6 {[%emt 0:01:30] [#]} (26. Qb3 $11 {remains equal.}) 26... Rb8 (26... Nh5 $1 $17 {[%cal Of8f3] And now ...Rxf3! would win.} 27. Rxb5 Nf4) 27. Raa6 (27. Rxb8 $1 $11 Rxb8 28. Qc3) 27... Rxb6 $15 28. Rxb6 Nh5 $1 29. Rxb5 (29. Qc2 $15 Nd4 30. Nxd4 exd4 31. Nf1) 29... Nf4 $17 30. Rb6 Nxh3+ 31. Kh2 (31. gxh3 $15 Rxf3 32. Qc3) 31... Nf4 {[%emt 0:01:20] ...Nd4 is the strong threat.} 32. b5 $2 {[%emt 0:00:06][%mdl 8192] [#]} (32. Nf1 $17) 32... Ne7 $2 (32... Nd4 $1 $19 33. Nxd4 exd4) 33. Qa3 $11 Qe8 34. Rxd6 $2 ({Don't go for} 34. Qxd6 $2 Nc8 35. Qxf8+ Qxf8 $19) (34. Kg1 $1 $11 {and White has nothing to worry.}) 34... Qh5+ 35. Kg1 {[%emt 0:00:02] [#] Strongly threatening Rd7.} Nxg2 $1 {[%emt 0:00:37][%mdl 576] Remove Defender} 36. Nxg2 Qxf3 37. Qa2 Qd1+ 38. Kh2 Qh5+ 39. Kg1 Qd1+ $2 ({Better is} 39... Ng6 $19 40. Rxe6 Kh7 41. Rxg6 Qxg6) 40. Kh2 {[%emt 0:00:04] Weighted Error Value: White=0.56/Black=0.64} 1/2-1/2

[Event "Ceske Budejovice GM 2022"]
[Site "Ceske Budejovice"]
[Date "2022.07.01"]
[Round "1.4"]
[White "Morgunov, Marc"]
[Black "Donchenko, Alexander"]
[Result "1-0"]
[ECO "B91"]
[WhiteElo "2376"]
[BlackElo "2640"]
[Annotator "TA"]
[PlyCount "129"]
[EventDate "2022.07.01"]
[EventType "tourn"]
[EventCountry "CZE"]
[SourceTitle "playchess.com"]
[Source "ChessBase"]
[SourceQuality "1"]
[TimeControl "40/5400+30:1800+30"]

1. e4 c5 2. Nf3 d6 3. d4 cxd4 4. Nxd4 Nf6 5. Nc3 a6 6. g3 g6 7. Bg2 Bg7 8. O-O O-O 9. h3 Nc6 10. Nb3 {[%emt 0:07:57] B91: Sicilian Najdorf: 6 g3.} Bd7 11. f4 b5 (11... Na5 {is more complex.} 12. e5 Ne8 13. Qe2 Bc6) 12. Be3 {[%emt 0:04:34] The position is equal.} Rc8 {[%emt 0:12:59] [#]} 13. Qd2 $146 (13. g4 $11) ({Predecessor:} 13. a3 Qc7 14. Qe1 Be6 15. Nd5 Bxd5 16. exd5 Nb8 17. Nd4 Qb7 18. Rd1 Nxd5 19. Ne2 {½-½ (48) Morgunov,D (2328)-Vatsal,S (2128) Porto Carras 2018}) 13... b4 14. Na4 Rb8 (14... Na5 $142 15. Nxa5 (15. Qxb4 Nc4 $17) 15... Qxa5) 15. Qf2 Qc7 16. Rfd1 Be6 (16... Nd8 $11 17. Nb6 Bc6) 17. g4 (17. c4 $14) 17... Nd7 18. Bf1 Nf6 (18... Na5 $5 ) 19. Bg2 Kh8 (19... h5 $11 20. e5 dxe5) 20. Rac1 ({White should play} 20. c4 $16) 20... Nd7 (20... Bxg4 $1 $11 21. hxg4 Nxg4) 21. c4 bxc3 22. Nxc3 {[%emt 0:00:04] aiming for Nd5.} Bxb3 23. axb3 Rfc8 ({Black should try} 23... Rxb3 $14 24. e5 Nb4) 24. e5 $1 $18 Rxb3 (24... dxe5 25. Ne2 Qb7 26. fxe5) (24... Qb7 $142 25. exd6 e6) 25. exd6 exd6 26. Nb5 axb5 $14 27. Rxc6 Qd8 (27... Qxc6 $16 {is tougher.} 28. Bxc6 Rxc6) 28. Rcxd6 $18 Qe8 29. Bd4 {[%emt 0:01:01] This bishop pair is nice.} (29. Rxd7 Rxe3 30. Bb7 Rb8 $11) 29... Nf8 (29... Rc7 {is a better defense.} 30. Bxg7+ Kxg7) 30. Re1 Ne6 31. Bxg7+ Kxg7 32. f5 Qf8 33. fxe6 $2 Qxd6 34. Qxf7+ Kh6 35. e7 Rxh3 36. e8=Q {[%emt 0:02:27] Dancing on a razor blade.} ({Don't take} 36. g5+ $6 Kxg5 37. e8=Q Rxe8 38. Rxe8 (38. Qxe8 Qc5+ 39. Kf1 Qf5+ 40. Kg1 Qc5+ 41. Kf1 Qf5+ 42. Kg1 Qc5+ $11) 38... Qc5+ 39. Kf1 (39. Qf2 Qxf2+ 40. Kxf2 Rb3 $16) 39... Rh4 40. Qd5+ Qxd5 41. Bxd5 Rf4+ 42. Kg2 Rd4 $16) 36... Rxe8 37. Rxe8 ({Inferior is} 37. Qxe8 Qd4+ 38. Kf1 Qf4+ 39. Kg1 Qd4+ 40. Kf1 Qf4+ 41. Kg1 Qd4+ $11) 37... Rd3 (37... Rg3 $142 38. Re4 Qd1+ 39. Qf1 Qxf1+ 40. Kxf1 Rb3) 38. Qf8+ (38. Qf2 $18) 38... Qxf8 $16 39. Rxf8 {[%emt 0:00:05][%mdl 4096] Endgame Rf3 is the strong threat. KRB-KR} Kg5 {[%emt 0:00:12] [#]} 40. Rf3 $1 Rd1+ 41. Kh2 {[%emt 0:30:08] Hoping for Rb3.} Rd4 {[%emt 0:01:47] [#]} (41... Kxg4 $16 42. Rb3 Rd4 43. Rxb5 g5) 42. Rb3 (42. Rg3 $1 $18) 42... b4 $2 (42... Kxg4 $16 {was worth a try.} 43. Rxb5 g5) 43. Bf3 $18 Kf4 (43... h5 {was necessary.} 44. gxh5 gxh5) 44. Kg2 Rd2+ 45. Kf1 Rd4 46. Kf2 Rd2+ 47. Be2 Rd4 48. Rf3+ Kg5 49. Rh3 Rd2 50. Rb3 Rd4 51. Ke3 Rf4 52. Rd3 {[%emt 0:00:00] And now Rd5+ would win.} Rf6 53. Rd4 Rb6 54. b3 Kh4 (54... Kf6 {might work better.} 55. Kf4 g5+ 56. Ke4 Re6+ 57. Kf3 Rb6) 55. Kd3 Kg3 56. Kc4 Kf2 57. Kc5 Rb8 58. Ba6 h5 59. gxh5 gxh5 60. Rxb4 {[%emt 0:00:00] White mates.} Rh8 61. Rh4 Kg3 62. Rh1 h4 63. Bb7 h3 64. b4 h2 65. b5 {[%emt 0:00:05] Weighted Error Value: White=0.26 (precise) /Black=0.74} 1-0

[Event "Ceske Budejovice GM 2022"]
[Site "Ceske Budejovice"]
[Date "2022.07.01"]
[Round "1.5"]
[White "Vykouk, Jan"]
[Black "Hollan, Martin"]
[Result "1-0"]
[ECO "C55"]
[WhiteElo "2476"]
[BlackElo "2399"]
[Annotator "TA"]
[PlyCount "63"]
[EventDate "2022.07.01"]
[EventType "tourn"]
[EventCountry "CZE"]
[SourceTitle "playchess.com"]
[Source "ChessBase"]
[SourceQuality "1"]
[TimeControl "40/5400+30:1800+30"]

1. e4 e5 2. Nf3 Nc6 3. Bc4 Nf6 4. d3 h6 5. c3 d6 6. Nbd2 g5 {[%emt 0:00:24][%cal Bg7g5,Bg5g4][%mdl 32] C55: Two Knights: 4 d3, 4 d4 exd4 5 e5 and Max Lange Attack.} 7. Nf1 g4 8. N3d2 {[%emt 0:01:14] [#]} Na5 $146 {[%emt 0:15:52] The position is equal.} ({Predecessor:} 8... d5 9. exd5 Nxd5 10. Ne3 Nxe3 11. fxe3 Na5 12. O-O Nxc4 13. Nxc4 Bg7 14. e4 h5 {½-½ (55) Alekseenko,K (2698)-Wang,H (2762) Ekaterinburg 2021}) 9. Bb5+ Bd7 10. Bxd7+ Qxd7 11. Ne3 Nc6 12. O-O Rg8 (12... h5 $14) 13. f4 $16 {[%emt 0:02:38][%cal Bf2f4,Bf4f5][%mdl 32] Hoping for fxe5.} Nh5 14. f5 Nf6 15. Nd5 Nh7 16. Qa4 a6 17. b4 {[%emt 0:00:08] White is more active.} b5 18. Qb3 Ne7 19. a4 c6 (19... Nxd5 $16 20. exd5 (20. Qxd5 Rb8 $16) 20... Nf6) 20. Ne3 (20. Nxe7 $6 Bxe7 21. axb5 cxb5 $16) 20... Nf6 21. d4 h5 22. Bb2 {[%emt 0:00:05] Black must now prevent axb5.} Bh6 23. c4 {[%emt 0:00:12] aiming for axb5.} bxa4 24. Qd3 ({Much weaker is} 24. Rxa4 $6 c5 25. bxc5 (25. dxe5 dxe5 26. Nd5 Nexd5 $11) 25... dxc5 $11) 24... c5 $2 {[%emt 0:04:02] This move loses the game for Black.} (24... Rb8 $16) 25. dxe5 $18 (25. bxc5 dxc5 26. d5 Nc6 $14) 25... dxe5 26. Nd5 Nfxd5 27. exd5 {[%emt 0:03:02] Threatens to win with Ne4.} Bxd2 28. Qxd2 cxb4 29. Bxe5 (29. Qxb4 a5 30. Qe1 (30. Qxa4 Qxa4 31. Rxa4 f6 $14) 30... f6 31. Bxe5 Nxf5 32. Bc3+ Kf7 $18) 29... Rc8 $2 (29... a5 30. Qe3 Kd8 31. Qb6+ Kc8 32. Qc5+ Kb7 33. Rxa4 Rge8 34. Rxa5 Rxa5 35. Qxa5 Qd8 36. Qxb4+ Qb6+ 37. Qxb6+ Kxb6) 30. Rae1 {[%emt 0:02:08] And now Bf6 would win.} Nxf5 {[%emt 0:01:14] [#]} 31. Bf6+ (31. Rxf5 $142 $1 Qxf5 32. Bg3+ Kd8 33. Qxb4 Qf6 {[#]} 34. Bh4 $1 Rc7 35. Qd6+ Kc8 36. Bxf6) 31... Kf8 {[%emt 0:00:08] [#]} 32. Rxf5 $1 {[%emt 0:00:21][%mdl 512] Weighted Error Value: White=0.08 (flawless) /Black=0.49} 1-0

[Event "Ceske Budejovice GM 2022"]
[Site "Ceske Budejovice"]
[Date "2022.07.02"]
[Round "2.1"]
[White "Sahidi, Samir"]
[Black "Hollan, Martin"]
[Result "1-0"]
[ECO "E70"]
[WhiteElo "2462"]
[BlackElo "2399"]
[Annotator "TA"]
[PlyCount "79"]
[EventDate "2022.07.01"]
[EventType "tourn"]
[EventCountry "CZE"]
[SourceTitle "playchess.com"]
[Source "ChessBase"]
[SourceQuality "1"]
[TimeControl "40/5400+30:1800+30"]

1. d4 Nf6 2. c4 g6 3. Nc3 Bg7 4. e4 O-O 5. e5 Ne8 6. Nf3 d6 {[%emt 0:00:32] E70: King's Indian: Miscellaneous lines with 4 e4, including 5 Nge2 and 5 Bd3 0-0 6 Nge2.} 7. exd6 Nxd6 8. Be2 Bg4 {[%emt 0:01:13] [#] Black has an edge.} 9. h3 $146 ({Predecessor:} 9. O-O Nc6 10. c5 Nf5 11. d5 Bxf3 12. Bxf3 Ncd4 13. Be4 h5 14. Bg5 Qd7 15. Re1 {1-0 (31) Inkiov,V (2421)-Fischer,M (2255) Baden 2018}) 9... Bxf3 10. Bxf3 ({Don't play} 10. gxf3 e6 11. d5 exd5 12. Qxd5 Re8 $17) 10... c6 11. Qd3 (11. Be2 $11 {was preferrable.}) 11... Nf5 12. d5 cxd5 (12... Nd7 {is more complex.} 13. dxc6 bxc6 14. Bxc6 Ne5) 13. cxd5 Nd7 14. Bg4 Nd6 15. Bxd7 Qxd7 16. O-O Rac8 17. Re1 Rfe8 18. a4 a6 19. Re2 Qf5 20. Qd1 (20. Qxf5 $142 Nxf5 21. Re4) 20... h5 21. Qb3 Bxc3 (21... Rc4 $17 22. Bd2 Bf6) 22. bxc3 $15 Rc5 23. Ba3 Qxd5 {[%emt 0:03:41] [#]} (23... Rxd5 $15 {keeps the upper hand.} 24. Bxd6 Rxd6) 24. c4 $1 $16 Qc6 25. Bxc5 Qxc5 26. Rae1 e6 27. Rd1 Qxc4 $2 {[%emt 0:03:40] [#] This costs Black the game.} (27... b6 $16 {keeps fighting.}) 28. Rb2 $18 Qc7 29. Qb6 Qxb6 30. Rxb6 {[%emt 0:00:07][%mdl 4096] Endgame KRR-KRN} Ne4 31. Rxb7 Nc3 32. Rdd7 Rf8 {[%emt 0:00:37] White is clearly winning.} 33. a5 Ne4 34. Ra7 h4 35. Rd4 Nc5 36. Rc4 Nd3 37. Rxa6 Rb8 38. Rb6 {[%emt 0:00:07] Inhibits Rb1+.} Ra8 39. a6 Ra7 40. Ra4 {[%emt 0:02:25] Weighted Error Value: White=0.09 (flawless) /Black=0.35} 1-0

[Event "Ceske Budejovice GM 2022"]
[Site "Ceske Budejovice"]
[Date "2022.07.02"]
[Round "2.2"]
[White "Donchenko, Alexander"]
[Black "Vykouk, Jan"]
[Result "1-0"]
[ECO "A42"]
[WhiteElo "2640"]
[BlackElo "2476"]
[Annotator "TA"]
[PlyCount "89"]
[EventDate "2022.07.01"]
[EventType "tourn"]
[EventCountry "CZE"]
[SourceTitle "playchess.com"]
[Source "ChessBase"]
[SourceQuality "1"]
[TimeControl "40/5400+30:1800+30"]

1. c4 g6 2. Nc3 Bg7 3. d4 d6 4. e4 Nd7 5. Nf3 e5 6. Be2 Ne7 7. h4 exd4 8. Nxd4 O-O {[%emt 0:00:06] A42: Modern Defence: Averbakh Variation.} 9. h5 {[%emt 0:02:08] White is more active.} Nc6 10. Nxc6 (10. Be3 $5 ) 10... bxc6 {[%emt 0:00:04] [#] The position is equal.} 11. Be3 $146 ({Predecessor:} 11. hxg6 fxg6 12. Bh6 Bxh6 13. Rxh6 Qg5 14. Rh2 Rb8 15. Qc2 Nc5 16. g3 Bg4 17. f4 Qf6 18. Bxg4 Rxb2 {0-1 (18) Sarkar,J (2314)-Domingo Nunez,A (2339) Chess.com INT 2022}) 11... Nc5 12. Qd2 Qe7 13. hxg6 fxg6 14. Bd4 (14. f3 $11) 14... Bxd4 $15 (14... Nxe4 15. Nxe4 Qxe4 16. Bxg7 Kxg7 17. Qh6+ Kf7 18. O-O-O $16) 15. Qxd4 Qg5 16. g3 Ne6 (16... Rb8 $15 {was preferrable.} 17. b3 a5) 17. Qd3 $1 $11 Rb8 (17... Nc5 $11 18. Qd4 a5) 18. f4 $14 Qf6 (18... Nxf4 19. gxf4 Rxf4 20. Qd2 $16) 19. O-O-O Ba6 (19... Nc5 $14 20. Qe3 Re8) 20. Qe3 $16 Rb4 21. e5 dxe5 22. fxe5 Qg5 23. Qxg5 Nxg5 {[%emt 0:00:04] [#]} 24. Rd7 $1 $36 {[%emt 0:01:28][%mdl 2048] Keeping Black busy.} Bxc4 25. Rh4 ({Reject} 25. Rxc7 $6 Bxe2 26. Nxe2 Rf2 $11) 25... Be6 {[%emt 0:00:54] White must now prevent ...Rxh4.} 26. Rxc7 Rb6 (26... a5 $16) 27. Rxa7 $18 Rf5 (27... h5 $142 28. Na4 Rbb8) 28. Ra5 h5 29. a4 Rf8 (29... Rb8 $16 30. Rc5 Rd8) 30. Rd4 Rfb8 31. Rd2 Bb3 $2 {[%emt 0:01:25] This move loses the game for Black.} (31... Bf5 $16 32. Ra7 Rb4) 32. Ra7 Rb4 (32... R6b7 {keeps fighting.}) 33. a5 Nf7 34. Re7 {[%emt 0:03:04] Inhibits Re8.} h4 35. gxh4 Rxh4 36. Rdd7 Rh1+ 37. Kd2 Ra1 38. a6 Kf8 39. a7 Ra8 40. Bd1 Nxe5 41. Rxe5 ({Weaker is} 41. Bxb3 Nxd7 42. Rxd7 R1xa7 $14) 41... Bxd1 42. Nxd1 {[%emt 0:00:05] [#] Threatens to win with Ree7.} R1xa7 43. Rxa7 Rxa7 44. Re6 Rd7+ 45. Kc2 {[%emt 0:00:06] Weighted Error Value: White=0.13 (very precise) /Black=0.37} 1-0

[Event "Ceske Budejovice GM 2022"]
[Site "Ceske Budejovice"]
[Date "2022.07.02"]
[Round "2.3"]
[White "Malinovsky, Karel"]
[Black "Morgunov, Marc"]
[Result "1/2-1/2"]
[ECO "B51"]
[WhiteElo "2463"]
[BlackElo "2376"]
[Annotator "TA"]
[PlyCount "108"]
[EventDate "2022.07.01"]
[EventType "tourn"]
[EventCountry "CZE"]
[SourceTitle "playchess.com"]
[Source "ChessBase"]
[SourceQuality "1"]
[TimeControl "40/5400+30:1800+30"]

1. e4 c5 2. Nf3 d6 3. Bb5+ Nd7 4. c4 a6 5. Ba4 Ngf6 6. Nc3 {[%emt 0:01:21] B51: Sicilian: Moscow Variation (3 Bb5+) without 3...Bd7.} e6 7. O-O Be7 8. d4 cxd4 9. Nxd4 O-O 10. Qe2 Qc7 11. Rd1 {[%emt 0:18:23] [#]} Rd8 $146 ({Predecessor:} 11... Nb6 12. Bb3 Bd7 13. Bg5 Rac8 14. Rac1 Rfe8 15. Nb1 Na4 16. Bxa4 Bxa4 17. b3 Bc6 {1-0 (52) Ozates,T (2217)-Nasanjargal,U (2460) Chess.com INT 2021}) 12. h3 Bf8 13. Bg5 h6 14. Bh4 g5 15. Bg3 Ne5 16. Rac1 b6 17. Nf3 (17. b3 $14) 17... Ng6 (17... Bb7 $11) 18. e5 $16 Nh5 {[%emt 0:00:13][%cal Bf6h5,Bh5g3,Bg3e2][%mdl 32] [#]} 19. exd6 {[%emt 0:00:20] [#] White is more active.} (19. Bc2 $1 $16) 19... Nxg3 $1 $11 20. dxc7 (20. fxg3 {feels hotter.} Bxd6 21. Bc2 f5 22. Qe1) 20... Nxe2+ 21. Nxe2 Rxd1+ 22. Rxd1 {[%emt 0:00:05] Threatens to win with Rd8.} Ra7 23. Bd7 Rxc7 24. Bxc8 Rxc8 25. b3 Be7 26. Kf1 f5 27. Rd7 Rd8 28. Rxd8+ Bxd8 {[%emt 0:00:03][%mdl 4096] Endgame KBN-KNN} 29. Ned4 Kf7 30. g4 Kf6 31. gxf5 exf5 32. Nc6 $1 Be7 33. Nb8 $1 Nf4 34. Nd7+ Ke6 35. Nxb6 Bc5 {[%emt 0:00:08] Prevents Nd4+.} 36. Na4 Ba7 37. c5 (37. h4 $11 {remains equal.}) 37... Kd5 $17 38. b4 {[%emt 0:00:44] [#]} Nxh3 ({Better is} 38... Kc4 $1 $17) 39. Nb6+ $11 {[%emt 0:00:33] The position is equal.} Bxb6 40. cxb6 {[%emt 0:00:06] Strongly threatening b7. KN-KN} Kc6 41. Nd4+ Kxb6 42. a4 Nf4 43. a5+ Kc7 44. b5 axb5 45. Nxb5+ Kb7 46. Nd6+ Ka6 47. Nxf5 h5 48. Nd6 Kxa5 49. Ne4 Ne6 50. Kg2 Kb4 51. Kg3 Kc4 52. Nxg5 {[%emt 0:00:29][%mdl 64] Remove Defender} Nxg5 53. Kh4 Ne4 {[%emt 0:00:06] ( -> ...Nf6)} 54. Kxh5 Nxf2 {[%emt 0:00:02] Weighted Error Value: White=0.12 (very precise) /Black=0.10 (very precise)} 1/2-1/2